 Dungeon Crawl Stone Soup version 0.30.1-1-g62c8e00024 (webtiles) character file.

Game seed: 14914169630797789273

28585 safid the Frost Mage (level 13, -4/105 (108) HPs)
             Began as a Merfolk Ice Elementalist on July 14, 2023.
             Was an Elder of Vehumet.
             Slain by a spectral dire elephant (27 damage)
             ... on level 5 of the Lair of Beasts.
             The game lasted 00:44:28 (15200 turns).

safid the Frost Mage (Merfolk Ice Elementalist)    Turns: 15200, Time: 00:44:29

HP:   -4/105 (108)  AC: 10    Str:  8    XL:     13   Next: 39%
MP:   27/27         EV: 13    Int: 19    God:    Vehumet [****..]
Gold: 1014          SH:  5    Dex: 15    Spells: 17/32 levels left

rFire   + . .        O - +8 demon blade "Leech" {evervamp, Harm Drain rN+}
rCold   + . .        B - +0 buckler
rNeg    + . .        H - +2 robe {rC+}
rPois   +            t - +2 hat
rElec   .            k - +2 cloak
rCorr   .            (no gloves)
SInv    .            y - +0 pair of boots
Will    .....        v - amulet of regeneration
Stlth   ++           f - ring of protection from fire
HPRegen 1.17/turn    r - ring of poison resistance
MPRegen 0.20/turn

%: harm (+30% outgoing, +20% incoming)
@: lightly drained
A: (nimble swimmer 2), mertail
a: Renounce Religion


You were on level 5 of the Lair of Beasts.
You worshipped Vehumet.
Vehumet was greatly pleased with you.
You visited 3 branches of the dungeon, and saw 16 of its levels.
You also visited: Volcano.

You collected 1168 gold pieces.
You spent 154 gold pieces at shops.

Inventory:

Hand Weapons
 s - the +9 long sword of Qazlal's Delight {speed, Dex+3}
   (You found it on level 10 of the Dungeon)

   Dex:       It affects your dexterity (+3).
 O - the +8 demon blade "Leech" (weapon) {evervamp, Harm Drain rN+}
   (You found it on level 3 of the Lair of Beasts)

   rN:        It protects you from negative energy.
   Drain:     It drains your maximum health when unequipped.
   Harm:      It increases damage dealt and taken.
Missiles
 J - 2 curare-tipped darts
Armour
 k - a +2 cloak (worn)
 t - a +2 hat (worn)
 y - a +0 pair of boots (worn)
 B - a +0 buckler (worn)
 H - a +2 robe of cold resistance (worn)
Jewellery
 f - a ring of protection from fire (left hand)
 m - a ring of wizardry
 q - a ring of willpower
 r - a ring of poison resistance (right hand)
 v - an amulet of regeneration (around neck)
 P - a ring of see invisible
 Q - a ring of positive energy
Wands
 c - a wand of charming (5)
 G - a wand of mindburst (2)
 K - a wand of roots (2)
Scrolls
 a - a scroll of torment {unknown}
 g - 2 scrolls of magic mapping
 h - 7 scrolls of teleportation
 i - 2 scrolls of enchant armour
 j - a scroll of fog {unknown}
 w - 4 scrolls of amnesia
 x - a scroll of acquirement {unknown}
 D - 2 scrolls of enchant weapon
 E - a scroll of butterflies {unknown}
 F - 5 scrolls of brand weapon
 M - a scroll of fear {unknown}
 N - 2 scrolls of blinking {unknown}
Potions
 b - 3 potions of magic
 d - 4 potions of mutation
 e - 3 potions of attraction {unknown}
 l - 3 potions of might {unknown}
 n - 2 potions of cancellation {unknown}
 o - a potion of ambrosia {unknown}
 p - a potion of berserk rage {unknown}
 u - 2 potions of curing
 z - a potion of flight {unknown}
 A - 4 potions of lignification
 C - 2 potions of brilliance {unknown}
 I - a potion of degeneration {unknown}


   Skills:
 + Level 12.0 Fighting
 * Level 3.9 Long Blades
 - Level 4.0 Dodging
 - Level 2.1 Stealth
 - Level 4.0 Shields
 - Level 10.0 Spellcasting
 - Level 6.0 Conjurations
 + Level 10.8 Transmutations
 + Level 12.8 Ice Magic


You had 17 spell levels left.
You knew the following spells:

 Your Spells              Type           Power      Damage    Failure   Level
a - Freeze                Ice            100%       1d10      1%          1
b - Frozen Ramparts       Ice            100%       1d16      1%          3
c - Ozocubu's Armour      Ice            55%        N/A       1%          3
d - Irradiate             Conj/Tmut      20%        3d18      2%          5
e - Hailstorm             Conj/Ice       45%        3d10      1%          3

Your spell library contained the following spells:

 Spells                   Type           Power      Damage    Failure   Level
 Airstrike                Air            4%         2d(1-17)  28%         4
 Magic Dart               Conj           100%       1d8       1%          1
 Shock                    Conj/Air       80%        1d8       1%          1
 Ensorcelled Hibernation  Hex/Ice        66%        N/A       1%          2
 Searing Ray              Conj           64%        2d6       1%          2
 Dazzling Flash           Conj/Hex       40%        N/A       2%          3
 Stone Arrow              Conj/Erth      40%        3d9       2%          3
 Spider Form              Tmut/Pois      30%        N/A       3%          3
 Mephitic Cloud           Conj/Pois/Air  17%        N/A       4%          3
 Summon Ice Beast         Ice/Summ       33%        N/A       8%          4
 Volatile Blastmotes      Fire/Tloc      18%        2d11      9%          3
 Fulminant Prism          Conj/Hex       10%        3d8       9%          4
 Iskenderun's Mystic Bla  Conj/Tloc      20%        2d6       9%          4
 Petrify                  Tmut/Erth      30%        N/A       12%         4
 Call Imp                 Summ           18%        N/A       17%         2
 Cigotuvi's Dreadful Rot  Necr/Pois/Air  18%        N/A       17%         2
 Sublimation of Blood     Necr           9%         N/A       17%         2
 Gell's Gravitas          Tloc           9%         N/A       32%         3
 Teleport Other           Tloc           9%         N/A       32%         3
 Anguish                  Hex/Necr       4%         N/A       73%         4
 Animate Armour           Summ/Erth      18%        N/A       73%         4
 Starburst                Conj/Fire      10%        6d5       73%         6
 Dispersal                Tloc           4%         N/A       100%        6
 Lehudib's Crystal Spear  Conj/Erth      10%        10d4      100%        8
 Chain Lightning          Conj/Air       10%        3d13      100%        9


Dungeon Overview and Level Annotations

Branches:
Dungeon (10/15)            Temple (1/1) D:6            Lair (5/5) D:10
 Shoals (0/4) Lair:2       Spider (0/4) Lair:2        Slime (0/5) Lair:5
    Orc (0/2) D:10        Volcano (visited)

Altars:
Ashenzari
Cheibriados
Dithmenos
Elyvilon
Fedhas
Gozag
Hepliaklqana
Kikubaaqudgha
Makhleb
Nemelex Xobeh
Okawaru
Qazlal
Ru
Sif Muna
Trog
Uskayaw
Vehumet
Wu Jian
Xom
Yredelemnul
Zin
The Shining One

Shops:
D:8 !

Annotations:
D:3 1 runed translucent door, Crazy Yiuf
D:7 2 transporters
Lair:2 3 runed translucent doors, safid's ghost, journeyman MfIE


Innate Abilities, Weirdness & Mutations

((You are very nimble when in or above water. (Stealth+, EV+, Speed+++)))
Your lower body shifts to a powerful aquatic tail in water.


Message History

The spectral dire elephant misses you.
The spectral dire elephant trunk-slaps you!
You slash the spectral dire elephant!
The spectral dire elephant is severely damaged.
The spectral dire elephant tramples you.
You hold your ground!
The spectral dire elephant trunk-slaps you but does no damage.
You hit the spectral dire elephant.
The spectral dire elephant is severely damaged.
The spectral dire elephant tramples you!!
You hold your ground!
The spectral dire elephant trunk-slaps you but does no damage.
You hit the spectral dire elephant.
The spectral dire elephant is severely damaged.
The spectral dire elephant tramples you but does no damage.
The spectral dire elephant barely misses you.
You hit the spectral dire elephant but do no damage.
The spectral dire elephant is severely damaged.
The spectral dire elephant tramples you!!
* * * LOW HITPOINT WARNING * * *
You hold your ground!
You block the spectral dire elephant's attack.
The spectral dire elephant barely misses you.
The spectral dire elephant trunk-slaps you.
* * * LOW HITPOINT WARNING * * *
You partially resist.
You feel drained.
You feel better.
The spectral dire elephant tramples you but does no damage.
The spectral dire elephant trunk-slaps you.
* * * LOW HITPOINT WARNING * * *
Okay, then.
Okay, then.
You feel better.
You block the spectral dire elephant's attack.
The spectral dire elephant trunk-slaps you!
* * * LOW HITPOINT WARNING * * *
You partially resist.
You feel drained.
You feel better.
The spectral dire elephant tramples you!!
You die...

#.### ....P# .♣ P
..............### #.##.
................# ##.#.P
................###..#.#
...............†P##..#.#
.....>......(...@##..#.#
...............Z##...#.#
................#....#.## +
.<..............#....#.8##8..
.....................'.P8#Y...
.....................'.⌠.#p.YP
.................P...'.P8#.Y:P
###..................#.8##8(}8
####.....†.........#.## ####


You could see a spectral dire elephant.

Vanquished Creatures
  A red draconian (Volcano)
  Erolcha (D:9)
  2 hydras (Lair:3)
  2 two-headed ogres (D:10)
  A salamander mystic (Volcano)
  A wolf spider (Lair:2)
  3 salamanders (Volcano)
  7 elephants
  3 black mambas
  6 cane toads
  Maggie (Lair:2)
  2 kobold demonologists
  An unseen horror (D:10)
  4 komodo dragons
  4 burning bushes (Lair:1)
  12 blink frogs (Lair:2)
  A culicivora (Lair:2)
  23 yaks
  A vampire (D:10)
  A spriggan (D:9)
  4 wyverns
  A shadow (D:10)
  A wraith (D:8)
  3 basilisks (Lair:1)
  A steam dragon (D:8)
  5 fire bats (Volcano)
  4 vampire mosquitoes (D:10)
  6 water moccasins
  4 black bears
  2 orc warriors
  3 ogres
  17 wolves
  2 centaurs
  2 phantoms (D:5)
  4 kobold brigands
  7 bullfrogs
  A gnoll sergeant (D:10)
  4 scorpions
  22 wights
  6 killer bees (D:8)
  A howler monkey (D:7)
  4 lava snakes (Volcano)
  A gnoll bouda (D:4)
  4 orc priests
  3 hounds
  An iron imp (D:3)
  Jessica (D:3)
  An iguana (D:5)
  8 orc wizards
  11 adders
  6 gnolls
  5 shadow imps
  2 white imps
  4 worms
  2 dart slugs (D:2)
  9 orcs
  6 ball pythons
  13 endoplasms
  3 giant cockroaches
  7 goblins
  8 hobgoblins
  2 jackals (D:3)
  A quokka (D:5)
  7 bats
  4 frilled lizards
  17 kobolds
  8 rats
  A butterfly (Lair:2)
316 creatures vanquished.

Notes
Turn   | Place    | Note
-------+----------+-------------------------------------------
     0 | D:1      | safid the Merfolk Ice Elementalist began the quest for the
                  | Orb.
     0 | D:1      | Reached XP level 1. HP: 13/13 MP: 3/3
   150 | D:1      | Reached XP level 2. HP: 18/20 MP: 3/5
   343 | D:1      | Reached skill level 1 in Fighting
   833 | D:1      | Reached XP level 3. HP: 22/26 MP: 4/6
  1272 | D:2      | Found a faded altar of an unknown god.
  1483 | D:2      | Reached skill level 5 in Ice Magic
  1483 | D:2      | Reached XP level 4. HP: 29/33 MP: 4/8
  1571 | D:2      | Learned a level 3 spell: Frozen Ramparts
  1575 | D:2      | Learned a level 3 spell: Ozocubu's Armour
  2482 | D:3      | Noticed Jessica
  2488 | D:3      | Killed Jessica
  2489 | D:3      | Reached XP level 5. HP: 39/39 MP: 9/9
  2813 | D:3      | Found a snail-covered altar of Cheibriados.
  3024 | D:3      | Found a runed translucent door.
  3025 | D:3      | Noticed Crazy Yiuf
  3292 | D:4      | Noticed an ogre
  3303 | D:4      | Killed an ogre
  3304 | D:4      | Reached XP level 6. HP: 46/47 MP: 4/11
  3737 | D:4      | Reached XP level 7. HP: 54/54 MP: 6/13
  4062 | D:5      | Entered Level 5 of the Dungeon
  4292 | D:5      | Reached skill level 5 in Fighting
  4671 | D:5      | Found a stormy altar of Qazlal.
  4694 | D:5      | Reached skill level 5 in Spellcasting
  4694 | D:5      | Reached XP level 8. HP: 45/63 MP: 15/15
  5239 | D:6      | Got the Catalogue of Weather
  5675 | D:6      | Found a staircase to the Ecumenical Temple.
  5702 | Temple   | Entered the Ecumenical Temple
  5885 | Temple   | Became a worshipper of Vehumet
  6378 | D:7      | Found a transporter.
  6412 | D:7      | Reached XP level 9. HP: 61/66 MP: 12/18
  6429 | D:7      | Reached skill level 1 in Shields
  6948 | D:7      | Found a shimmering blue altar of Sif Muna.
  7007 | D:7      | Found a transporter.
  7035 | D:7      | Found an opulent altar of Gozag.
  7226 | D:8      | HP: 3/71 [orc priest/+0 whip (4)]
  7777 | D:8      | Reached * piety under Vehumet
  7777 | D:8      | Offered knowledge of Sandblast by Vehumet.
  7899 | D:8      | Learned a level 5 spell: Irradiate
  7915 | D:8      | Found a broken altar of Ashenzari.
  7989 | D:8      | Found Luacou's Distillery.
  7994 | D:8      | Bought a potion of heal wounds for 70 gold pieces
  7994 | D:8      | Bought a potion of curing for 42 gold pieces
  7994 | D:8      | Bought a potion of lignification for 42 gold pieces
  8001 | D:8      | Reached skill level 1 in Transmutations
  8001 | D:8      | Reached XP level 10. HP: 73/76 MP: 13/20
  8206 | D:8      | Reached skill level 1 in Conjurations
  8990 | D:9      | Noticed a kobold demonologist
  8992 | D:9      | Found an ancient bone altar of Kikubaaqudgha.
  9000 | D:9      | Killed a kobold demonologist
  9000 | D:9      | Offered knowledge of Scorch by Vehumet.
  9017 | D:9      | Reached ** piety under Vehumet
  9019 | D:9      | Found a glowing silver altar of Zin.
  9019 | D:9      | Found a basalt altar of Yredelemnul.
  9020 | D:9      | Found a white marble altar of Elyvilon.
  9020 | D:9      | Found a hide-covered altar of Uskayaw.
  9029 | D:9      | Found a hazy altar of Hepliaklqana.
  9030 | D:9      | Found a bloodstained altar of Trog.
  9591 | D:9      | Found an ornate altar of the Wu Jian Council.
  9632 | D:9      | Noticed Erolcha
  9643 | D:9      | Killed Erolcha
  9644 | D:9      | Reached skill level 10 in Ice Magic
  9761 | D:10     | Entered Level 10 of the Dungeon
  9883 | D:10     | Noticed a kobold demonologist
  9888 | D:10     | Killed a kobold demonologist
  9889 | D:10     | Reached skill level 5 in Transmutations
  9893 | D:10     | Reached XP level 11. HP: 81/89 MP: 20/22
  9992 | D:10     | Identified the +9 long sword of Qazlal's Delight {speed,
                  | Dex+3}
 10018 | D:10     | Noticed a two-headed ogre
 10055 | D:10     | Killed a two-headed ogre
 10206 | D:10     | Found a staircase to the Orcish Mines.
 10315 | D:10     | Found a staircase to the Lair.
 10392 | D:10     | Found a sparkling altar of Nemelex Xobeh.
 10407 | D:10     | Noticed a two-headed ogre
 10417 | D:10     | Killed a two-headed ogre
 10876 | Lair:1   | Entered Level 1 of the Lair of Beasts
 10998 | D:10     | Offered knowledge of Hailstorm by Vehumet.
 11003 | D:10     | Learned a level 3 spell: Hailstorm
 11080 | D:10     | Reached skill level 10 in Fighting
 11237 | Lair:1   | Found a dark tunnel.
 11243 | Volcano  | Entered a volcano
 11338 | Volcano  | Reached *** piety under Vehumet
 11348 | Volcano  | Reached XP level 12. HP: 52/97 MP: 18/25
 11455 | Volcano  | Noticed a red draconian
 11456 | Volcano  | Found a radiant altar of Vehumet.
 11465 | Volcano  | Reached skill level 5 in Conjurations
 11466 | Volcano  | Killed a red draconian
 11844 | Lair:1   | Found the +2 ratskin cloak {*Rats rPois rN+ Str-1 Int-1
                  | Dex+1}
 11907 | Lair:1   | You fall into a shaft and drop 1 floor!
 12313 | Lair:2   | Offered knowledge of Volatile Blastmotes by Vehumet.
 12456 | Lair:2   | Noticed Maggie
 12473 | Lair:2   | Killed Maggie
 12654 | Lair:2   | Found a staircase to the Shoals.
 12934 | Lair:2   | Found a runed translucent gate.
 12934 | Lair:2   | Found a runed translucent gate.
 12934 | Lair:2   | Noticed a 13-headed hydra
 12935 | Lair:2   | Found a runed translucent gate.
 12935 | Lair:2   | Noticed safid's ghost (journeyman MfIE)
 12952 | Lair:2   | Found a hole to the Spider Nest.
 13310 | Lair:3   | Noticed a four-headed hydra
 13321 | Lair:3   | Killed a four-headed hydra
 13345 | Lair:3   | Reached skill level 10 in Spellcasting
 13345 | Lair:3   | Reached XP level 13. HP: 92/106 MP: 25/27
 13346 | Lair:3   | Reached skill level 10 in Transmutations
 13541 | Lair:3   | Found the +8 demon blade "Leech" {evervamp, Harm Drain rN+}
 13572 | Lair:3   | Reached **** piety under Vehumet
 13709 | Lair:3   | Reached skill level 1 in Long Blades
 14186 | Lair:4   | Offered knowledge of Airstrike by Vehumet.
 14966 | Lair:5   | Entered Level 5 of the Lair of Beasts
 14966 | Lair:5   | Found a staircase to the Slime Pits.
 15112 | Lair:5   | Noticed a dire elephant
 15112 | Lair:5   | Noticed a dire elephant
 15112 | Lair:5   | Noticed a dire elephant
 15130 | Lair:5   | Noticed a dire elephant
 15200 | Lair:5   | Slain by a spectral dire elephant

Illustrated notes

Levels and vault maps discovered:
D:1:      psy_arrival_basics, layout_basic, nicolae_eternal_life
D:2:      layout_loops_corners, chequers_ecumenical_altar_simple_redux
D:3:      layout_loops_ring, slow_altar_1, uniq_crazy_yiuf_cottage, uniq_jessica
D:4:      layout_basic
D:5:      layout_loops_ring, nicolae_overflow_crystal_walls, chequers_avenue,
          nicolae_concentric_dashed_squares_wild
D:6:      layout_rooms, minmay_temple_entry_glass
D:7:      gammafunk_steamed_eel, layout_basic, nicolae_overflow_hidden_temple,
          lemuel_blue_sif_altar
D:8:      layout_basic, nicolae_ashenzari_skybound, serial_shops,
          nicolae_square_shop
D:9:      layout_loops_ring, grunt_temple_overflow_open, lemuel_round_altar,
          the_hattery, uniq_erolcha
D:10:     layout_irregular_city, mainiacjoe_overflow_catwalk,
          david_lair_shrubbed, orc_0_dummy
Temple:   hellmonk_temple_forest_ring
Lair:1:   layout_long_grid, enter_volcano_2, st_stairs_7,
          chequers_serial_rivers_small_b, evilmike_ambush
          [evilmike_ambush_outer_pillars, evilmike_ambush_inner_basic]
Lair:2:   layout_loops_ring, shoals_dummy_entry, spider_nest_entry_funnel_web,
          gammafunk_ghost_hydra_chop, serial_bayou_shore_b, lemuel_fruit_fields,
          uniq_maggie
Lair:3:   layout_roguey, dreamdust_deal_with_the_devil, st_stairs_6
Lair:4:   layout_hall_layers
Lair:5:   due_jungle_book, layout_cave_pods, slime_entry_1

Skill      XL: |  1  2  3  4  5  6  7  8  9 10 11 12 13 |
---------------+----------------------------------------+-----
Fighting       | 1 2 3 4 5 6 8 9 10 11 12 | 12.0
Ice Magic      | 5 6 7 8 9 10 11 12 | 12.8
Spellcasting   | 3 4 5 6 7 9 10 | 10.0
Dodging        | 3 4 |  4.0
Shields        | 3 4 |  4.0
Transmutations | 1 5 7 9 10 | 10.8
Conjurations   | 3 4 6 |  6.0
Long Blades    | 3 |  3.9
Stealth        | |  2.1

Action                     |  1- 3 |  4- 6 |  7- 9 | 10-12 | 13-15 || total
---------------------------+-------+-------+-------+-------+-------++-------
  Melee: Spear             |    66 |    16 |       |       |       ||    82
         Punch             |     1 |     1 |       |       |       ||     2
         Short sword       |       |    86 |   440 |   197 |       ||   723
         Long sword        |       |       |       |   173 |    16 ||   189
         Demon blade       |       |       |       |       |    53 ||    53
   Cast: Freeze            |    30 |    18 |    12 |    70 |     3 ||   133
         Frozen Ramparts   |       |     8 |    48 |    50 |    17 ||   123
         Ozocubu's Armour  |       |     5 |    25 |    36 |    12 ||    78
         Hailstorm         |       |       |       |     5 |       ||     5
         Irradiate         |       |       |       |     3 |       ||     3
  Evoke: Wand              |       |       |       |     1 |       ||     1
    Use: Scroll            |       |       |     8 |     8 |     1 ||    17
         Potion            |       |       |     1 |     5 |     4 ||    10
   Stab: Sleeping          |    13 |     6 |     5 |     2 |       ||    26
 Armour: Robe              |     8 |    23 |   101 |   227 |    61 ||   420
  Dodge: Dodged            |    25 |    58 |   240 |   277 |    63 ||   663
  Block: Buckler           |       |       |    54 |   123 |    28 ||   205
